 Dungeon Crawl Stone Soup version 0.25-a0-100-g33052ceff8 (webtiles) character file.

Game seed: 4045486064021470014, levelgen mode: deterministic

7 vurker the Magician (level 1, 0/14 HPs)
             Began as a Mummy Fire Elementalist on Nov 14, 2019.
             Slain by a jackal (2 damage)
             ... on level 1 of the Dungeon.
             The game lasted 00:00:37 (146 turns).

vurker the Magician (Mummy Fire Elementalist)        Turns: 146, Time: 00:00:37

Health: 0/14       AC:  2    Str: 11    XL:     1   Next: 91%
Magic:  0/4        EV: 12    Int: 14    God:
Gold:   18         SH:  0    Dex: 12    Spells: 4/5 levels left

rFire    x . .     SeeInvis .   (no weapon)
rCold    + . .     Gourm    .   (no shield)
rNeg     + + +     Faith    .   a - +0 robe
rPois    ∞         Spirit   .   (no helmet)
rElec    .         Reflect  .   (no cloak)
rCorr    .         Harm     .   (no gloves)
MR       .....                  (no boots)
Stlth    ++........             (no amulet)
HPRegen  0.04/turn              (no ring)
MPRegen  0.09/turn              (no ring)

@: no status effects
A: no food or potions, fire vulnerability, cold resistance 1, negative energy
resistance 3, torment resistance, unbreathing
a: no special abilities


You were on level 1 of the Dungeon.
You were not hungry.

You visited 1 branch of the dungeon, and saw 1 of its levels.

You collected 18 gold pieces.

Inventory:

Armour
 a - a +0 robe (worn)


   Skills:
 + Level 0.3 Fighting
 - Level 1.5 Dodging
 - Level 1.5 Stealth
 * Level 2.9 Spellcasting
 * Level 1.0 Conjurations
 * Level 2.5 Fire Magic


You had 4 spell levels left.
You knew the following spells:

 Your Spells              Type           Power        Failure   Level  Hunger
a - Flame Tongue          Conj/Fire      #....        11%         1    N/A

Your spell library contained the following spells:

 Spells                   Type           Power        Failure   Level  Hunger
 Throw Flame              Conj/Fire      #.....       16%         2    N/A
 Conjure Flame            Conj/Fire      #.......     30%         3    N/A
 Inner Flame              Hex/Fire       #.......     36%         3    N/A
 Sticky Flame             Conj/Fire      #.......     71%         4    N/A
 Fireball                 Conj/Fire      #.........   96%         5    N/A

Dungeon Overview and Level Annotations

Branches:
Dungeon (1/15)

Altars:


Innate Abilities, Weirdness & Mutations

You do not eat or drink.
Your flesh is vulnerable to fire.
You are immune to poison.
Your flesh is cold resistant. (rC+)
You are immune to negative energy. (rN+++)
You are immune to unholy pain and torment.
You can survive without breathing.


Message History

You hit the jackal.
The jackal bites you but does no damage.
The rat twitches its whiskers.
The jackal closely misses you.
You hit the jackal but do no damage. The jackal bites you.
You hit the jackal but do no damage. The jackal closely misses you.
The jackal bites you but does no damage.
Aim: a jackal (heavily wounded)
The flame tongue hits the jackal!
You kill the jackal!
You barely miss the jackal. The jackal bites you.
The jackal closely misses you.
You hit the jackal. The jackal barely misses you.
You hit the jackal but do no damage. The jackal barely misses you. x2
You barely miss the jackal. The jackal closely misses you.
You miss the jackal. The jackal closely misses you.
You hit the jackal but do no damage. The jackal misses you. x2
Aim: a jackal (lightly wounded)
The flame tongue hits the jackal.
The jackal misses you.
You hit the jackal but do no damage. The jackal misses you.
The jackal barely misses you.
You hit the jackal.
You kill the jackal!
The jackal bites you but does no damage.
You don't have enough magic to cast that spell.
You closely miss the jackal. The jackal closely misses you.
You barely miss the jackal. The jackal barely misses you.
You barely miss the jackal.
The jackal bites you but does no damage.
The jackal barely misses you.
Your magical contamination has completely faded away.
You barely miss the jackal.
The jackal bites you but does no damage.
You hit the jackal but do no damage. The jackal closely misses you.
The jackal bites you.
* * * LOW HITPOINT WARNING * * *
Aim: a jackal The flame tongue hits the jackal but does no damage.
The rat twitches its whiskers.
The jackal bites you.
* * * LOW HITPOINT WARNING * * *
You hit the jackal. The jackal misses you.
You hit the jackal but do no damage.
The jackal bites you but does no damage.
The jackal misses you.
You barely miss the jackal. The jackal bites you.
* * * LOW HITPOINT WARNING * * *
You don't have enough magic to cast that spell.
You barely miss the jackal. The jackal misses you. The jackal bites you.
You die...

#.#.#.#.#.......#
.#.#.#.#........#
#.#.#.#.#.......#
.#.#.#.#†.......# #..#
#.≈≈≈≈≈.#.......# ####..$
.#≈...≈#.......## .....#
#.≈<..≈.#.......# ....
.#≈...≈#........#### ... ..
#.≈≈≈≈≈.#..(....@hK# #.####....
.#.#.#.#........##r###
#......P≈≈
#.#.#.#.#.......##...###(h##.P≈≈
.#.#
#.#.......#####†##.†.h...≈≈. #
#.#.....## #......##..≈≈≈≈
###### #.#(...# ...≈r≈ ...###..#
.r.≈≈ #### #..#


Phh≈h #.... ≈rh≈ You could see a jackal, a kobold and a rat.

Vanquished Creatures
  2 bats (D:1)
  2 jackals (D:1)
  2 ball pythons (D:1)
  A frilled lizard (D:1)
  A rat (D:1)
8 creatures vanquished.

Notes
Turn   | Place    | Note
-------+----------+-------------------------------------------
     0 | D:1      | vurker the Mummy Fire Elementalist began the quest for the
                  | Orb.
     0 | D:1      | Reached XP level 1. HP: 13/13 MP: 4/4
   118 | D:1      | Reached skill level 1 in Conjurations
   146 | D:1      | Slain by a jackal

Levels and vault maps discovered:
D:1:      ncdulo_watergridlock, layout_rooms, kennysheep_small_spiral,
          serial_bayou_pond_b, minmay_misc_feat_rows

Skill      XL: |  1 |
---------------+----+-----
Conjurations   | 1 |  1.0
Fighting       | |  0.3
Dodging        | |  1.5
Stealth        | |  1.5
Spellcasting   | |  2.9
Fire Magic     | |  2.5

Action                   || total
-------------------------++-------
Melee: Unarmed           ||    29
 Cast: Flame Tongue      ||    10
Armor: Robe              ||    18
Dodge: Dodged            ||    45

Table legend:
 A = Non-vault XP
 B = Vault XP
 C = Vault XP percentage of total XP
 D = Non-vault monster count
 E = Vault monster count
 F = Vault count percentage of total count
                 A         B        C        D         E       F
            +---------+---------+-------+---------+---------+-------
      Total |       9 |       2 |  18.2 |       6 |       2 |  25.0
            +---------+---------+-------+---------+---------+-------
        D:1 |       9 |       2 |  18.2 |       6 |       2 |  25.0
            +---------+---------+-------+---------+---------+-------
